 Dungeon Crawl Stone Soup version 0.21.1-1-g345015f (webtiles) character file.

35 Kairos the Skirmisher (level 3, -4/30 HPs)
             Began as a Formicid Abyssal Knight on Mar 27, 2018.
             Was a Follower of Lugonu.
             Slain by a goblin
             ... wielding a +0 club
             ... led by Robin
              (5 damage)
             ... on level 1 of the Dungeon.
             The game lasted 00:01:32 (1061 turns).

Kairos the Skirmisher (Formicid Abyssal Knight)     Turns: 1061, Time: 00:01:33

Health: -4/30      AC:  5    Str: 16    XL:     3   Next: 52%
Magic:  4/4        EV: 10    Int: 13    God:    Lugonu [*.....]
Gold:   33         SH:  4    Dex: 11    Spells: 2/2 levels left

rFire    . . .     SeeInvis +   e - +3 mace (venom)
rCold    . . .     Gourm    .   (no shield)
rNeg     . . .     Faith    .   k - +0 ring mail
rPois    .         Spirit   .   (helmet unavailable)
rElec    .         Reflect  +   (no cloak)
rCorr    .         Harm     .   (no gloves)
MR       .....                  (no boots)
Stlth    +.........             j - +4 amulet of reflection
HPRegen  0.10/turn              f - +2 ring of intelligence
MPRegen  0.09/turn              i - ring of wizardry

@: no status effects
A: permanent stasis, dig shafts and tunnels, four strong arms, antennae 3
a: Dig, Shaft Self, Depart the Abyss, Renounce Religion


You were on level 1 of the Dungeon.
You worshipped Lugonu.
Lugonu was aware of your devotion.
You were not hungry.

You visited 1 branch of the dungeon, and saw 2 of its levels.
You visited the Abyss 1 time.

You collected 33 gold pieces.

Inventory:

Hand Weapons
 a - a +1 hand axe
 e - a +3 mace of venom (weapon)
Armour
 b - a +0 leather armour
 k - a +0 ring mail (worn)
Jewellery
 f - a +2 ring of intelligence (left hand)
 i - a ring of wizardry (right hand)
 j - a +4 amulet of reflection (around neck)
Scrolls
 d - a scroll of enchant weapon {unknown}
 g - 3 scrolls of identify {unknown}
 h - a scroll of blinking {unknown}
Comestibles
 c - a ration


   Skills:
 + Level 4.2 Fighting
 + Level 2.0(2.2) Axes
 + Level 1.0(1.7) Maces & Flails
 + Level 2.1 Armour
 + Level 1.0 Dodging
 + Level 0.3 Stealth
 + Level 2.4 Invocations


You had 2 spell levels left.
You didn't know any spells.

Dungeon Overview and Level Annotations

Branches:
Dungeon (2/15)

Altars:

Annotations:
D:2 Robin


Innate Abilities, Weirdness & Mutations

You cannot be hasted, slowed, berserked, paralysed or teleported.
You can dig through walls and to a lower floor.
Your four strong arms can wield two-handed weapons with a shield.
You have a pair of large antennae on your head. (SInv)


Message History

Lugonu accepts your kill. The goblin hits you with a club.
* * * LOW HITPOINT WARNING * * *
The goblin closely misses you.
The hobgoblin hits you but does no damage.
Robin barely misses you. The goblin closely misses you.
There is a stone staircase leading up, spattered with blood here.
You see here a bat corpse.
The goblin closely misses you. Robin throws the goblin at you!
* * * LOW HITPOINT WARNING * * *
You climb upwards.
There is a stone staircase leading down here.
Unknown command.
You hit the goblin.
You kill the goblin!
Lugonu accepts your kill. The goblin hits you but does no damage.
The goblin hits you with a club.
You die...

############# #............
#.########### #.#.......#
#.#.###.#.### #.#.....#.#..
#######.#####.#.###
#>@...............#
#g######..###.#####
#..................
#############.#######..###.....
#.............# ##..#......
#.###########.# #.......##
#.#.........#.########..#.##.#.
#.#.#.......#..................
#.#.#.#######.#########.#.##.#.


You could see a goblin.

Vanquished Creatures
  2 dart slugs (D:1)
  A leopard gecko (D:1)
  4 giant cockroaches (D:1)
  7 goblins
  4 hobgoblins
  3 bats
  2 frilled lizards (D:1)
  A kobold (D:1)
  2 rats (D:1)
26 creatures vanquished.

Notes
Turn   | Place    | Note
-------+----------+-------------------------------------------
     0 | Abyss:1  | Kairos the Formicid Abyssal Knight began the quest for the Orb.
     0 | Abyss:1  | Reached XP level 1. HP: 18/18 MP: 2/2
    50 | Abyss:1  | Noticed a raiju
    56 | D:1      | Escaped the Abyss
   200 | D:1      | Reached * piety under Lugonu
   332 | D:1      | Reached XP level 2. HP: 25/25 MP: 3/3
   585 | D:1      | Reached skill level 4 in Fighting
   630 | D:1      | Reached XP level 3. HP: 30/30 MP: 4/4
   781 | D:1      | Reached skill level 1 in Dodging
  1049 | D:2      | Noticed Robin
  1052 | D:2      | Reached skill level 1 in Maces & Flails
  1056 | D:2      | HP: 1/30 [goblin/club[Robin] (4)]
  1061 | D:1      | Slain by a goblin

Skill      XL: |  1  2  3 |
---------------+----------+-----
Fighting       | 4 |  4.2
Dodging        | 1 |  1.0
Maces & Flails | 1 |  1.0
Axes           | |  2.0
Armour         | |  2.1
Stealth        | |  0.3
Invocations    | |  2.4

Action                   || total
-------------------------++-------
Melee: Mace              ||    43
Invok: Depart the Abyss  ||     1
Armor: Leather armour    ||     3
       Ring mail         ||    10
Dodge: Dodged            ||    36
Block: Other             ||     7
